 Dungeon Crawl Stone Soup version 0.30-a0-576-g89cddaab80 (webtiles) character file.

Game seed: 3709134230034842165

14777 holysushi the Slicer (level 12, -9/61 HPs)
             Began as a Vine Stalker Monk on Dec 31, 2022.
             Was a High Priest of Wu Jian.
             Mangled by an ice devil (14 damage)
             ... in a wizard's laboratory.
             The game lasted 00:28:02 (10264 turns).

holysushi the Slicer (Vine Stalker Monk)           Turns: 10264, Time: 00:28:03

Health: -9/61      AC: 11    Str: 14      XL:     12   Next: 20%
Magic:  0/4        EV: 17    Int: 10      God:    Wu Jian [*****.]
Gold:   535        SH:  5    Dex: 20 (22) Spells: 11/11 levels left

rFire   . . .      SeeInvis .    F - +0 short sword (antimagic)
rCold   . . .      Faith    .    G - +0 buckler
rNeg    . . .      Spirit   +    H - +0 steam dragon scales
rPois   .          Reflect  .    p - +0 helmet
rElec   .          Harm     .    (no cloak)
rCorr   .          Rampage  .    (no gloves)
Will    ++...                    t - +0 pair of boots
Stlth   +++++                    l - amulet of the acrobat
HPRegen 1.10/turn                v - +4 ring of protection
MPRegen 0.09/turn                w - ring of willpower

@: no status effects
A: fangs 3, regeneration 1, magic shield, antimagic bite, no potion heal 2
a: Renounce Religion, Wall Jump, Serpent's Lash, Heavenly Storm


You were in a wizard's laboratory.
You worshipped Wu Jian.
Wu Jian was extremely pleased with you.
You visited 4 branches of the dungeon, and saw 14 of its levels.
You also visited: Wizlab.

You collected 823 gold pieces.
You spent 288 gold pieces at shops.

Inventory:

Hand Weapons
 a - a +0 short sword
 q - a +2 dagger of protection
 s - a +1 dagger of draining
 F - a +0 antimagic short sword (weapon)
 L - a +1 dagger of chaos
Armour
 b - a +0 robe
 k - the +1 robe "Mainusoi" {SInv}
   (You found it on level 6 of the Dungeon)

   SInv:      It lets you see invisible.
 o - a +1 animal skin
 p - a +0 helmet (worn)
 t - a +0 pair of boots (worn)
 G - a +0 buckler (worn)
 H - +0 steam dragon scales (worn)
 I - a +0 kite shield
 M - a +2 robe of cold resistance
Jewellery
 l - an amulet of the acrobat (around neck)
 v - a +4 ring of protection (left hand)
 w - a ring of willpower (right hand)
 J - a ring of flight
Wands
 f - a wand of polymorph (12)
 j - a wand of acid (7)
 A - a wand of charming (1)
 E - a wand of flame (3)
Scrolls
 g - 3 scrolls of magic mapping
 h - 4 scrolls of poison
 u - a scroll of fear
 x - a scroll of fog {unknown}
 y - 3 scrolls of identify
 C - 4 scrolls of teleportation
 D - a scroll of enchant armour {unknown}
 K - a scroll of enchant weapon {unknown}
Potions
 c - 2 potions of ambrosia
 d - 2 potions of resistance
 e - 3 potions of lignification
 i - 2 potions of attraction
 m - 4 potions of curing
 n - 4 potions of degeneration
 r - 2 potions of cancellation {unknown}
 z - 2 potions of might
 B - 3 potions of heal wounds {unknown}
 N - a potion of magic {unknown}
 O - a potion of invisibility {unknown}
 P - a potion of haste
 Q - a potion of mutation


   Skills:
 - Level 6.0 Fighting
 - Level 12.5 Short Blades
 + Level 8.4 Dodging
 - Level 10.0 Stealth
 - Level 2.0 Shields
 - Level 4.0 Evocations


You had 11 spell levels left.
You didn't know any spells.
Your spell library contained the following spells:

 Spells                   Type           Power      Damage    Failure   Level
 Foxfire                  Conj/Fire      0%         2x1d4     45%         1
 Shock                    Conj/Air       0%         1d3       45%         1
 Blink                    Tloc           0%         N/A       58%         2
 Cigotuvi's Dreadful Rot  Necr/Pois/Air  0%         N/A       58%         2
 Poisonous Vapours        Pois/Air       0%         N/A       58%         2
 Scorch                   Fire           0%         2d5       58%         2
 Dazzling Flash           Conj/Hex       0%         N/A       83%         3
 Gell's Gravitas          Tloc           0%         N/A       83%         3
 Mephitic Cloud           Conj/Pois/Air  0%         N/A       83%         3
 Swiftness                Air            0%         N/A       83%         3
 Teleport Other           Tloc           0%         N/A       83%         3
 Airstrike                Air            0%         2d(0-16)  99%         4
 Flame Wave               Conj/Fire      0%         2d4       99%         4
 Iskenderun's Mystic Bla  Conj/Tloc      0%         2d3       99%         4
 Manifold Assault         Tloc           0%         N/A       99%         4
 Fireball                 Conj/Fire      0%         3d3       100%        5
 Iskenderun's Battlesphe  Conj           0%         2d6       100%        5
 Conjure Ball Lightning   Conj/Air       0%         3x3d7     100%        6
 Dispersal                Tloc           0%         N/A       100%        6
 Starburst                Conj/Fire      0%         6d3       100%        6
 Summon Cactus Giant      Summ           0%         N/A       100%        6
 Orb of Destruction       Conj           0%         9d5       100%        7
 Storm Form               Tmut/Air       0%         N/A       100%        7
 Borgnjor's Revivificati  Necr           0%         N/A       100%        8
 Necromutation            Tmut/Necr      0%         N/A       100%        8
 Death's Door             Necr           0%         N/A       100%        9


Dungeon Overview and Level Annotations

Branches:
Dungeon (10/15) Zot: 25785  Temple (1/1) D:6 Zot: 5768    Lair (0/5) D:10
    Orc (2/2) D:10 Zot: 11407     Elf (1/3) Orc:2 Zot: 5937  WizLab (1/1) Zot: 5823

Altars:
Dithmenos
Elyvilon
Fedhas
Gozag
Hepliaklqana
Kikubaaqudgha
Makhleb
Nemelex Xobeh
Okawaru
Qazlal
Ru
Sif Muna
Trog
Uskayaw
Vehumet
Wu Jian
Xom
Yredelemnul
Zin
The Shining One

Shops:
D:4 :*   D:8 :   Orc:2 !

Annotations:
D:5 exclusion: hornet
D:8 1 runed translucent door, experimilk's ghost, novice DrCj


Innate Abilities, Weirdness & Mutations

You have razor-sharp teeth.
Your natural rate of healing is unusually fast.
When hurt, damage is shared between your health and your magic reserves.
Your bite disrupts and absorbs the magic of your enemies.
Potions cannot restore your health.


Message History

You barely miss the ice devil. Your bite misses the ice devil.
The ice devil is heavily wounded.
The ice devil hits you! The ice devil freezes you!
You hit the ice devil.
The ice devil is heavily wounded.
The ice devil misses you.
You hit the ice devil but do no damage. You bite the ice devil.
You drain its power.
You feel invigorated.
The ice devil is heavily wounded.
You hit the ice devil.
You bite the ice devil, but do no damage.
The ice devil is heavily wounded.
The ice devil barely misses you.
You hit the ice devil but do no damage.
You bite the ice devil, but do no damage.
The ice devil is heavily wounded.
You hit the ice devil but do no damage. Your bite misses the ice devil.
The ice devil is heavily wounded.
The ice devil hits you. The ice devil freezes you!
You hit the ice devil. You bite the ice devil. You drain its power.
You feel invigorated.
The ice devil is severely wounded.
You hit the ice devil but do no damage. You bite the ice devil!
You drain its power.
The ice devil is almost dead.
The ice devil hits you. The ice devil freezes you!!
* * * LOW HITPOINT WARNING * * *
Okay, then.
Okay, then.
Aiming: Corrosive Bolt
Press: ? - help, Shift-Dir - straight line, f - ice devil
Aim: an ice devil (almost dead, 74% to hit)
The bolt of acid misses the ice devil.
The ice devil closely misses you.
Aiming: Corrosive Bolt
Press: ? - help, Shift-Dir - straight line, f/p - ice devil
Aim: an ice devil (almost dead, 74% to hit)
The bolt of acid misses the ice devil.
The ice devil hits you!
* * * LOW HITPOINT WARNING * * *
The ice devil freezes you!
You die...

#. #.#.#..# #
#.###.#.### ## ∩#
#####.#.###≈≈# #.# #.
#...8#.....#.#
#.##≈...##.#...####≈#
..8. ####...≈≈..≈≈#
#.. #.#.....####..#
#.##.≈..##.# ##
#.4@..#....#
###.#.#.##.#
#.##.####.# #.. #.#
≈# ##.. ..# .# .##
..# .# #... #. ##.


You could see an ice devil.

Vanquished Creatures
  2 great orbs of eyes (WizLab)
  A two-headed ogre (Orc:1)
  Pikel (D:7)
  2 rust devils (D:8)
  Psyche (D:10)
  Prince Ribbit (D:5)
  A shadow (D:10)
  A vampire (D:10)
  2 wraiths
  A wyvern (D:9)
  22 yaks
  4 fire bats (D:10)
  2 wargs (D:10)
  2 steam dragons (D:9)
  Menkaure (D:7)
  A hell hound (D:10)
  5 water moccasins
  An ice beast (D:5)
  9 orc warriors
  5 black bears
  3 ogres
  3 centaurs
  4 lemures (D:7)
  2 kobold brigands (D:7)
  2 phantoms
  7 bullfrogs
  A necrophage (D:6)
  2 scorpions
  2 gnoll sergeants
  3 wights (D:10)
  5 killer bees (D:10)
  3 howler monkeys
  A lava snake (D:10)
  5 hounds
  A quasit (WizLab)
  A jelly (D:5)
  A gnoll bouda (D:7)
  5 orc priests
  4 iguanas
  8 orc wizards
  Robin (D:1)
  15 gnolls
  14 adders
  A shadow imp (D:6)
  An ufetubus (D:6)
  2 worms (D:2)
  2 dart slugs (D:1)
  47 orcs
  8 ball pythons
  7 endoplasms
  A giant cockroach (D:3)
  15 goblins
  9 hobgoblins
  A quokka (D:1)
  8 bats
  A frilled lizard (D:1)
  20 kobolds
  5 rats
  A fire vortex (D:10)
287 creatures vanquished.

Vanquished Creatures (collateral kills)
  2 deep elf zephyrmancers (Elf:1)
  A yak (D:6)
  An orc warrior (Orc:2)
4 creatures vanquished.

Vanquished Creatures (others)
  An acid dragon (D:9)
  An orc warrior (Orc:2)
  An orc wizard (Orc:2)
  2 fire vortices (D:10)
  25 fungi (D:10)
  26 plants (D:10)
56 creatures vanquished.

Grand Total: 347 creatures vanquished

Notes
Turn   | Place    | Note
-------+----------+-------------------------------------------
     0 | D:1      | holysushi the Vine Stalker Monk began the quest for the
                  | Orb.
     0 | D:1      | Reached XP level 1. HP: 11/11 MP: 2/2
    87 | D:1      | Reached skill level 3 in Short Blades
   138 | D:1      | Reached XP level 2. HP: 10/16 MP: 3/3
   431 | D:1      | Reached XP level 3. HP: 19/19 MP: 4/4
   724 | D:1      | Reached skill level 4 in Short Blades
  1009 | D:2      | Noticed Robin
  1648 | D:2      | Gained mutation: Your natural rate of healing is unusually
                  | fast. [Vine Stalker growth]
  1648 | D:2      | Reached XP level 4. HP: 23/23 MP: 5/5
  1867 | D:1      | Killed Robin
  2413 | D:3      | Reached skill level 5 in Short Blades
  2424 | D:3      | Reached XP level 5. HP: 27/27 MP: 4/6
  2718 | D:4      | Found Azay's Book Boutique.
  2853 | D:4      | Reached XP level 6. HP: 32/32 MP: 7/7
  2878 | D:4      | Reached skill level 6 in Short Blades
  3151 | D:4      | Found Siwnud's Serpentskin Sales.
  3151 | D:4      | Noticed a water moccasin
  3177 | D:4      | Killed a water moccasin
  3227 | D:4      | Reached skill level 7 in Short Blades
  3233 | D:4      | Reached XP level 7. HP: 31/35 MP: 6/8
  3478 | D:5      | Entered Level 5 of the Dungeon
  3675 | D:5      | Noticed a hornet
  4112 | D:5      | Gained mutation: You have razor-sharp teeth. [Vine Stalker
                  | growth]
  4112 | D:5      | Reached XP level 8. HP: 39/39 MP: 9/9
  4346 | D:5      | Reached skill level 8 in Short Blades
  4581 | D:5      | Paralysed by a hornet for 2 turns
  4600 | D:6      | Noticed Prince Ribbit
  4600 | D:6      | Noticed a yak
  4604 | D:6      | Noticed a yak
  4661 | D:5      | Killed a yak
  4672 | D:5      | Killed Prince Ribbit
  4673 | D:5      | Reached skill level 5 in Dodging
  4688 | D:6      | Found a staircase to the Ecumenical Temple.
  4715 | Temple   | Entered the Ecumenical Temple
  4931 | Temple   | Became a worshipper of the Wu Jian Council
  4931 | Temple   | Reached * piety under Wu Jian
  4931 | Temple   | Reached ** piety under Wu Jian
  5060 | D:6      | Reached skill level 9 in Short Blades
  5109 | D:6      | Reached XP level 9. HP: 43/43 MP: 10/10
  5139 | D:6      | Found a hazy altar of Hepliaklqana.
  5325 | D:6      | Reached skill level 10 in Short Blades
  5468 | D:6      | Identified the +1 robe "Mainusoi" {SInv}
  5679 | D:6      | Reached skill level 11 in Short Blades
  6274 | D:7      | Reached XP level 10. HP: 47/47 MP: 11/11
  6279 | D:7      | Found a radiant altar of Vehumet.
  6281 | D:7      | Noticed Menkaure
  6284 | D:7      | Noticed Pikel
  6288 | D:7      | Killed Menkaure
  6322 | D:7      | Killed Pikel
  6323 | D:7      | Reached skill level 12 in Short Blades
  6384 | D:7      | Reached *** piety under Wu Jian
  6633 | D:7      | Noticed a rust devil
  6633 | D:7      | Noticed a rust devil
  6752 | D:8      | Killed a rust devil
  6753 | D:8      | Reached skill level 1 in Evocations
  6822 | D:8      | Killed a rust devil
  6823 | D:8      | Reached skill level 5 in Stealth
  7131 | D:8      | Found a runed translucent door.
  7132 | D:8      | Found a shimmering altar of Xom.
  7132 | D:8      | Noticed a +0 short sword of chaos
  7132 | D:8      | Noticed experimilk's ghost (novice DrCj)
  7146 | D:8      | Found Fialesku's Book Shop.
  7479 | D:9      | Reached skill level 1 in Shields
  7622 | D:9      | Reached XP level 11. HP: 54/54 MP: 12/12
  7816 | D:9      | Reached skill level 5 in Fighting
  8035 | D:10     | Entered Level 10 of the Dungeon
  8218 | D:10     | Found a staircase to the Orcish Mines.
  8277 | D:10     | Reached **** piety under Wu Jian
  8337 | D:10     | Found a staircase to the Lair.
  8515 | D:10     | Noticed Psyche
  8536 | D:10     | Killed Psyche
  9361 | Orc:1    | Entered Level 1 of the Orcish Mines
  9361 | Orc:1    | Noticed a two-headed ogre
  9377 | Orc:1    | Killed a two-headed ogre
  9410 | Orc:1    | You fall into a shaft and drop 1 floor!
  9410 | Orc:2    | Entered Level 2 of the Orcish Mines
  9597 | Orc:2    | Found a staircase to the Elven Halls.
  9619 | Elf:1    | Entered Level 1 of the Elven Halls
  9619 | Elf:1    | Noticed a deep elf zephyrmancer
  9619 | Elf:1    | Noticed a deep elf zephyrmancer
  9641 | Orc:2    | Found Mehaox's Distillery.
  9685 | Orc:2    | Bought a potion of haste for 160 gold pieces
  9685 | Orc:2    | Bought a potion of mutation for 128 gold pieces
  9717 | Orc:2    | Reached ***** piety under Wu Jian
 10001 | Elf:1    | Killed a deep elf zephyrmancer
 10001 | Elf:1    | Killed a deep elf zephyrmancer
 10002 | Elf:1    | Reached XP level 12. HP: 61/61 MP: 13/13
 10050 | Elf:1    | Found a magical portal.
 10055 | WizLab   | Entered The Roulette of Golubria
 10055 | WizLab   | Found a transporter.
 10128 | WizLab   | Found a corrupted altar of Lugonu.
 10129 | WizLab   | Noticed a great orb of eyes
 10151 | WizLab   | Killed a great orb of eyes
 10219 | WizLab   | Noticed a great orb of eyes
 10220 | WizLab   | Killed a great orb of eyes
 10221 | WizLab   | Reached skill level 10 in Stealth
 10264 | WizLab   | Mangled by an ice devil

Illustrated notes

Levels and vault maps discovered:
D:1:      elethiomel_arrival_infinity_welcomes_careful_drivers, layout_basic,
          serial_rivers, chequers_serial_rivers_micro_d,
          chequers_serial_rivers_large_a, chequers_serial_rivers_small_b,
          chequers_serial_rivers_small_b, chequers_serial_rivers_micro_d,
          chequers_serial_rivers_room_a
D:2:      layout_loops_cross, uniq_robin
D:3:      layout_rooms
D:4:      layout_basic, serial_shops, shop, guppyfry_shop_venom
D:5:      layout_loops_corners, amethyst_overflow_temple_binary,
          kennysheep_generic_room_12
D:6:      layout_basic, nicolae_overflow_hidden_temple,
          minmay_temple_entry_waves, hangedman_abyss_or_decor_lesser_grid,
          uniq_prince_ribbit1
D:7:      cheibrodos_iron_armory, layout_basic, nicolae_vehumet_radiance,
          minmay_small_thing, uniq_pikel, uniq_menkaure
D:8:      layout_basic, serial_shops, nicolae_diamond_shop, ebering_ghost_xom,
          uniq_joseph, uniq_gastronok
D:9:      layout_loops_ring
D:10:     layout_long_grid, due_lair_maze_entry_diamond, david_orc_3,
          hangedman_incinerator, uniq_psyche
Temple:   eino_narrow_crystal_temple
Orc:1:    layout_caves, basic_altar, nicolae_orc_crystal_geode
Orc:2:    st_orc_open, layout_caves, serial_shops, shop_fountains,
          okawaru_metal_pillars_1_2
Elf:1:    eino_elf_arrival_sip, layout_onion_city,
          infiniplex_enter_wizlab_spiral, minmay_elf_demonology
WizLab:   wizlab_golubria

Skill      XL: |  1  2  3  4  5  6  7  8  9 10 11 12 |
---------------+-------------------------------------+-----
Short Blades   | 3 4 5 7 9 11 12 | 12.5
Dodging        | 3 5 8 |  8.4
Stealth        | 4 6 9 10 | 10.0
Fighting       | 4 6 |  6.0
Evocations     | 2 4 |  4.0
Shields        | 2 |  2.0

Action                   |  1- 3 |  4- 6 |  7- 9 | 10-12 || total
-------------------------+-------+-------+-------+-------++-------
Melee: Short sword       |   113 |    51 |       |    48 ||   212
       Bite              |    31 |    53 |   141 |   384 ||   609
       Punch             |     1 |     4 |    13 |     2 ||    20
       Dagger            |       |   164 |   414 |   936 ||  1514
Invok: Lunge             |       |       |    13 |    29 ||    42
       Whirlwind         |       |       |       |   212 ||   212
Evoke: Wand              |       |       |       |    26 ||    26
  Use: Scroll            |       |     7 |     8 |     4 ||    19
 Stab: Sleeping          |     5 |     7 |    13 |     9 ||    34
Armor: Robe              |    21 |     2 |    36 |    36 ||    95
       Animal skin       |       |    39 |    70 |       ||   109
       Steam dragon scal |       |       |       |   149 ||   149
Dodge: Dodged            |    77 |   139 |   186 |   377 ||   779
Block: Buckler           |       |       |       |    87 ||    87

Table legend: (Time is in decaauts)
 A = Elapsed time spent in this place.
 B = Non-inter-level travel time spent in this place.
 C = Inter-level travel time spent in this place.
 D = Time resting spent in this place.
 E = Time spent auto-exploring this place.
 F = Levels seen in this place.
 G = Mean time per level.
                   A        B        C        D        E       F      G
               +--------+--------+--------+--------+--------+-----+--------+
         Total |   9724 |   9267 |    457 |    862 |   5198 |  15 |  648.3 |
       Dungeon |   8661 |   8263 |    398 |    697 |   4996 |  10 |  866.1 |
        Temple |    231 |    179 |     52 |      0 |    165 |   1 |  231.0 |
  Orcish Mines |    592 |    585 |      7 |     78 |     37 |   2 |  296.0 |
   Elven Halls |     62 |     62 |      0 |      0 |      0 |   1 |   62.0 |
        Wizlab |    175 |    175 |      0 |     87 |      0 |   1 |  175.0 |
               +--------+--------+--------+--------+--------+-----+--------+

Top non-repeatable levels by time:
     D:1: 1304 daAuts
    D:10: 1212 daAuts
     D:5: 1113 daAuts
     D:2: 951 daAuts
     D:6: 828 daAuts
     D:4: 785 daAuts
     D:7: 753 daAuts
     D:9: 730 daAuts
     D:8: 583 daAuts
   Orc:2: 490 daAuts
     D:3: 397 daAuts
  Temple: 231 daAuts
  WizLab: 175 daAuts
   Orc:1: 101 daAuts
   Elf:1: 62 daAuts
